 Dungeon Crawl Stone Soup version 0.16-a0-3873-g452e4d5 (webtiles) character file.

142 PolkaDot the Caller (level 5, 0/35 HPs)
             Began as a Vampire Summoner on Feb 1, 2015.
             Succumbed to poison (a potion of poison)
             ... on level 3 of the Dungeon.
             The game lasted 00:10:57 (3435 turns).

PolkaDot the Caller (Vampire Summoner)              Turns: 3435, Time: 00:10:57

Health: 0/35       AC:  2    Str:  7    XL:     5   Next: 4%
Magic:  1/9        EV: 13    Int: 18    God:
Gold:   135        SH:  0    Dex: 16    Spells: 3 memorised, 2 levels left

rFire  . . .     SeeInvis +     d - +0 dagger
rCold  . . .     Clarity  .     a - +0 robe
rNeg   . . .     SustAb   .     (no shield)
rPois  .         Gourm    .     (helmet restricted)
rElec  .         Spirit   .     (no cloak)
rCorr  .         Warding  .     (no gloves)
rMut   .         Rnd*Tele +     (no boots)
MR     .....                    (no amulet)
Stlth  +++.......               (no ring)
                                c - +2 ring of dexterity

@: lethally poisoned, regenerating very quickly, not resistant to hostile
enchantments, fairly stealthy
A: bottle blood, fangs 3, horns 1, see invisible, teleportitis 1, unbreathing,
MP-powered wands 1
a: no special abilities


You were on level 3 of the Dungeon.
You were almost alive.

You visited 1 branch of the dungeon, and saw 3 of its levels.
You also visited: Sewer.

You collected 135 gold pieces.

Inventory:

Hand weapons
 d - a +0 dagger (weapon)
Armour
 a - a +0 robe (worn)
Jewellery
 c - a +2 ring of dexterity (left hand)
Scrolls
 f - a scroll of recharging {unknown}
 h - a scroll of fear
 i - 3 scrolls of remove curse
 j - 2 scrolls of teleportation {unknown}
Potions
 e - 4 potions of flight
 g - 2 potions of blood {@*1}
Books
 b - a book of Callings

   Spells                             Type                      Level
   a - Summon Small Mammal            Summoning                    1
   b - Call Imp                       Summoning                    2
   c - Call Canine Familiar           Summoning                    3
   d - Summon Guardian Golem          Hexes/Summoning              4
   e - Summon Lightning Spire         Summoning/Air                4
   f - Summon Ice Beast               Ice/Summoning                4


   Skills:
 - Level 0.1 Fighting
 + Level 2.8 Short Blades
 - Level 2.1 Dodging
 - Level 3.0 Stealth
 - Level 2.0 Spellcasting
 * Level 5.6 Summonings


You had 2 spell levels left.
You knew the following spells:

 Your Spells              Type           Power        Failure   Level  Hunger
d - Call Canine Familiar  Summ           ###.....     6%          3    ###....
s - Call Imp              Summ           ###.....     2%          2    ###....
z - Summon Small Mammal   Summ           ###.         1%          1    #......


Dungeon Overview and Level Annotations

Branches:
Dungeon (3/15)

Altars:


Innate Abilities, Weirdness & Mutations

Your natural rate of healing is extremely fast.
You can bottle blood from corpses.
You have razor-sharp teeth.
You have supernaturally acute eyesight.
You can survive without breathing.
You have a pair of small horns on your head.
Space occasionally distorts in your vicinity.
You expend magic power (3 MP) to slightly strengthen your wands.


Message History

Drink which item? (? for menu, Esc to quit)
Okay, then.
Unknown command.
Drink which item? (? for menu, Esc to quit)
Okay, then.
Read which item? (? for menu, Esc to quit)
As you read the scroll labeled WATOVY KOIN, it crumbles to dust.
You assume a fearsome visage.
Your crimson imp is unaffected.
The centaur looks frightened!
It was a scroll of fear.
* * * LOW HITPOINT WARNING * * *
You feel sick.
Your hound bites the centaur.
Your crimson imp blinks!
* * * LOW HITPOINT WARNING * * *
You feel sick.
A rat comes into view.
* * * LOW HITPOINT WARNING * * *
You feel sick.
You see here an arrow.
You die...

*#.## ###*#...#*
****
##.##.....##****,,,
#...5.#.,...,,,,,,,
*#.(##.##..#.s*,,**
#..#.⌠.#.....,,,*
#h5##.##...,,,..#*
#(#..#..#,,.....<,
#@##....#,......#*
#.###...#,,..o..#
#.#*#.#.#,*#.#..##
#.##..#.#,,......?
#.##.##.#**#.#...,
#.r..##.## #.##.##
#.####...###.##÷.#
#.........#.÷....#
#####......<......


You could see a rat (sleeping), a friendly hound and 2 friendly crimson imps.

Vanquished Creatures
  3 giant geckos
  6 hobgoblins
  A jackal (Sewer)
  3 oozes (Sewer)
  11 bats
  A giant cockroach (D:1)
  3 giant newts
  2 goblins
  5 kobolds
  2 quokkas
  3 rats
40 creatures vanquished.

Vanquished Creatures (collateral kills)
  The ghost of drjones the Skirmisher, a weakling DgFi (D:3)
  4 adders
  A giant mite (D:3)
  8 worms
  5 giant geckos
  An ooze (Sewer)
  An orc (D:3)
  2 goblins
  3 hobgoblins
  3 jackals (Sewer)
  A ball python (D:2)
  2 bats
  2 giant cockroaches (Sewer)
  A giant newt (D:2)
  A kobold (D:1)
36 creatures vanquished.

Vanquished Creatures (others)
  3 crimson imps
  2 hounds
  An iron imp (D:3)
  A shadow imp (Sewer)
  A butterfly (D:3)
8 creatures vanquished.

Grand Total: 84 creatures vanquished

Notes
Turn   | Place    | Note
--------------------------------------------------------------
     0 | D:1      | PolkaDot, the Vampire Summoner, began the quest for the Orb.
     0 | D:1      | Reached XP level 1. HP: 13/13 MP: 3/3
   697 | D:1      | Reached XP level 2. HP: 19/19 MP: 4/4
  1024 | D:2      | Learned a level 2 spell: Call Imp
  1162 | D:2      | Reached skill level 1 in Short Blades
  1526 | D:2      | Reached XP level 3. HP: 24/24 MP: 6/6
  2272 | D:3      | Noticed drjones' ghost (weakling DgFi)
  2276 | D:3      | Learned a level 3 spell: Call Canine Familiar
  2288 | D:3      | Killed drjones' ghost
  2288 | D:3      | Reached skill level 5 in Summonings
  2288 | D:3      | Reached XP level 4. HP: 21/30 MP: 2/7
  2425 | D:3      | Found a glowing drain.
  2477 | Sewer    | Entered a sewer
  3177 | D:3      | Gained mutation: You expend magic power (3 MP) to slightly strengthen your wands. [potion of mutation]
  3177 | D:3      | Gained mutation: You have a pair of small horns on your head. [potion of mutation]
  3177 | D:3      | Gained mutation: Space occasionally distorts in your vicinity. [potion of mutation]
  3365 | D:3      | Reached XP level 5. HP: 33/35 MP: 9/9
  3415 | D:3      | Noticed a centaur
  3434 | D:3      | HP: 1/35 [poison (a potion of poison)]
  3435 | D:3      | Succumbed to poison (a potion of poison)

Action                   |  1- 3 |  4- 6 || total
-------------------------+-------+-------++-------
Melee: Dagger            |   111 |   118 ||   229
 Cast: Summon Small Mamm |    11 |       ||    11
       Call Imp          |    15 |    13 ||    28
       Call Canine Famil |     1 |     6 ||     7
  Use: Potion            |     3 |     7 ||    10
       Scroll            |     9 |     4 ||    13
 Stab: Sleeping          |     4 |     5 ||     9
  Eat: Corpse            |    12 |     9 ||    21
